 Dungeon Crawl Stone Soup version 0.30.1-11-g7821555f0a (webtiles) character file.

Game seed: 74934720056194541

3363 bnorton916 the Destroyer (level 9, -1/43 (45) HPs)
             Began as a Deep Elf Fire Elementalist on Nov 26, 2023.
             Was an Initiate of Gozag.
             Slain by a wight
             ... wielding a +4 battleaxe of freezing
              (4 damage)
             ... on level 8 of the Dungeon.
             The game lasted 00:18:04 (13256 turns).

bnorton916 the Destroyer (DEFE)                    Turns: 13256, Time: 00:18:05

HP:   -1/43 (45)    AC: 12    Str:  7    XL:     9   Next: 73%
MP:   18/22         EV: 12    Int: 23    God:    Gozag
Gold: 744           SH:  5    Dex: 15    Spells: 12/23 levels left

rFire   . . .        (no weapon)
rCold   . . .        (no shield)
rNeg    . . .        F - +3 leather armour
rPois   .            m - +1 helmet
rElec   .            k - +0 cloak
rCorr   .            (no gloves)
SInv    .            x - +1 pair of boots
Will    .....        r - amulet of reflection
Stlth   ++++         n - ring of wizardry
HPRegen 0.27/turn    (no ring)
MPRegen 0.18/turn

%: reflection, wizardry (x1)
@: studying Stealth, lightly drained
A: no striking features
a: Renounce Religion, Potion Petition, Call Merchant, Bribe Branch


You were on level 8 of the Dungeon.
You worshipped Gozag.
Gozag was pleased with you.
You visited 2 branches of the dungeon, and saw 9 of its levels.

You collected 993 gold pieces.
You spent 126 gold pieces at shops.
You paid 123 gold pieces to Gozag.

Inventory:

Hand Weapons
 v - a +2 morningstar of flaming
 y - a +1 dagger of venom
 C - a +2 mace of protection
Missiles
 f - 7 poisoned darts (quivered)
 B - 6 javelins
Armour
 k - a +0 cloak (worn)
 m - a +1 helmet (worn)
 x - a +1 pair of boots (worn)
 F - a +3 leather armour (worn)
Magical Staves
 e - a staff of poison
Jewellery
 n - a ring of wizardry (left hand)
 r - an amulet of reflection (around neck)
 D - a +4 ring of slaying
 G - a ring of fire
Wands
 c - a wand of digging (6)
Scrolls
 d - a scroll of enchant weapon
 g - a scroll of noise
 l - 5 scrolls of vulnerability
 o - a scroll of fear {unknown}
 p - 4 scrolls of fog
 q - a scroll of silence {unknown}
 w - a scroll of magic mapping {unknown}
 I - a scroll of immolation {unknown}
 J - 5 scrolls of enchant armour
 K - a scroll of poison {unknown}
 L - a scroll of amnesia {unknown}
Potions
 b - 2 potions of magic
 h - 2 potions of heal wounds
 i - a potion of brilliance {unknown}
 j - a potion of mutation
 t - a potion of degeneration
 u - 4 potions of curing
 z - a potion of attraction
 A - 3 potions of cancellation
 E - a potion of flight
 H - a potion of berserk rage {unknown}


   Skills:
 - Level 4.0 Armour
 - Level 2.4 Dodging
 - Level 10.0 Stealth
 - Level 7.6 Spellcasting
 + Level 10.7 Conjurations
 - Level 5.3 Fire Magic


You had 12 spell levels left.
You knew the following spells:

 Your Spells              Type           Power      Damage    Failure   Level
a - Foxfire               Conj/Fire      100%       2x1d9     1%          1
b - Scorch                Fire           66%        2d8       1%          2
c - Flame Wave            Conj/Fire      45%        2d12      1%          4
d - Fulminant Prism       Conj/Hex       16%        3d11      4%          4

Your spell library contained the following spells:

 Spells                   Type           Power      Damage    Failure   Level
 Magic Dart               Conj           100%       1d8       1%          1
 Searing Ray              Conj           100%       2d8       1%          2
 Inner Flame              Hex/Fire       21%        N/A       4%          3
 Volatile Blastmotes      Fire/Tloc      42%        2d13      4%          3
 Yara's Violent Unravell  Hex/Tmut       4%         3d4       71%         5
 Enfeeble                 Hex            4%         N/A       100%        7


Dungeon Overview and Level Annotations

Branches:
Dungeon (8/15)             Temple (1/1) D:5
   Lair: D:8-11

Altars:
Ashenzari
Cheibriados
Dithmenos
Elyvilon
Gozag
Hepliaklqana
Kikubaaqudgha
Makhleb
Nemelex Xobeh
Okawaru
Qazlal
Sif Muna
Trog
Vehumet
Wu Jian
Xom
Yredelemnul
Zin
The Shining One

Shops:
D:3 *

Annotations:
D:3 1 runed translucent door, Crazy Yiuf


Message History

There is a stone staircase leading down here.
You climb downwards.
There is a stone staircase leading up here.
There is a stone staircase leading up here. 2 wights come into view.
A wight is wielding a +4 battleaxe of freezing.
The wight moves out of view.
What are your orders? t - Shout!
Orders for allies: a - Attack new target. r - Retreat! s - Stop attacking. g - Guard the area. f - Follow me.
Anything else - Cancel.
You shout for attention!
Casting: Scorch (safe; 1% risk of failure)
Confirm with . or Enter, or press ? or * to list all spells.
You conjure some foxfire!
The foxfire hits the wight.
The wight is moderately damaged.
The foxfire hits the wight but does no damage.
The wight is moderately damaged.
Casting: Foxfire (safe; 1% risk of failure)
Confirm with . or Enter, or press ? or * to list all spells.
Flames lash the wight.
The wight is almost destroyed.
The wight's fire resistance burns away.
The wight hits you with a +4 battleaxe of freezing!
The wight freezes you.
Casting: Scorch (safe; 1% risk of failure)
Confirm with . or Enter, or press ? or * to list all spells.
Flames lash the wight but do no damage.
The wight hits you with a +4 battleaxe of freezing.
The wight freezes you.
The wight hits you with a +4 battleaxe of freezing!
* * * LOW HITPOINT WARNING * * *
You feel drained.
* * * LOW HITPOINT WARNING * * *
The wight freezes you.
You die...
Your body crumbles into a pile of gold.

#######
#@....#
#z###.#
#.#
#.#######
# #.#
#.....<.#
#...####.#
#######.#
#...z....#
#.#
#...######
#.# . #.#
#.#


You could see a wight (combustible).

Vanquished Creatures
  A two-headed ogre (D:8)
  2 wyverns (D:7)
  A water moccasin (D:6)
  2 orc warriors (D:7)
  A black bear (D:5)
  An ogre (D:6)
  A centaur (D:8)
  2 bullfrogs
  3 scorpions (D:6)
  7 wights
  6 killer bees (D:6)
  2 howler monkeys
  4 hounds
  2 jellies
  2 orc priests
  2 gnoll boudas
  2 sleepcaps
  Terence (D:2)
  Jessica (D:2)
  4 iguanas
  2 orc wizards
  Ijyb (D:3)
  Robin (D:2)
  11 gnolls
  10 adders
  A white imp (D:7)
  2 ufetubi (D:5)
  A dart slug (D:3)
  27 orcs
  3 ball pythons
  7 endoplasms
  4 giant cockroaches
  18 goblins
  7 hobgoblins
  6 jackals
  4 kobolds
  8 quokkas
  5 bats
  3 frilled lizards
  11 rats
179 creatures vanquished.

Vanquished Creatures (collateral kills)
  4 foxfires (D:5)
4 creatures vanquished.

Vanquished Creatures (others)
  621 foxfires
  6 fulminant prisms
627 creatures vanquished.

Grand Total: 810 creatures vanquished

Notes
Turn   | Place    | Note
-------+----------+-------------------------------------------
     0 | D:1      | bnorton916 the Deep Elf Fire Elementalist began the quest
                  | for the Orb.
     0 | D:1      | Reached XP level 1. HP: 10/10 MP: 6/6
   115 | D:1      | Reached XP level 2. HP: 15/15 MP: 2/8
   897 | D:2      | Learned a level 2 spell: Scorch
   919 | D:2      | Noticed Jessica
   923 | D:2      | Reached XP level 3. HP: 19/19 MP: 5/10
   926 | D:2      | Killed Jessica
  1212 | D:2      | Found a faded altar of an unknown god.
  1222 | D:2      | Noticed Terence
  1228 | D:2      | Killed Terence
  1229 | D:2      | Reached XP level 4. HP: 24/24 MP: 10/12
  1499 | D:2      | Noticed Robin
  1840 | D:2      | Killed Robin
  2121 | D:3      | Found Owoagih's General Store.
  2332 | D:3      | Reached XP level 5. HP: 28/28 MP: 12/14
  2360 | D:3      | Noticed Ijyb
  2379 | D:3      | Killed Ijyb
  2624 | D:3      | Reached skill level 5 in Spellcasting
  2942 | D:3      | Found a runed translucent door.
  2943 | D:3      | Noticed Crazy Yiuf
  3631 | D:4      | Reached skill level 5 in Fire Magic
  3688 | D:4      | Reached XP level 6. HP: 32/32 MP: 9/16
  4328 | D:4      | Found a burning altar of Makhleb.
  4368 | D:5      | Entered Level 5 of the Dungeon
  4374 | D:5      | Learned a level 4 spell: Flame Wave
  4662 | D:5      | Found a snail-covered altar of Cheibriados.
  4884 | D:5      | Reached XP level 7. HP: 36/36 MP: 14/18
  5229 | D:5      | Reached skill level 5 in Stealth
  5229 | D:5      | Reached skill level 5 in Conjurations
  5450 | D:5      | Found a staircase to the Ecumenical Temple.
  5456 | Temple   | Entered the Ecumenical Temple
  5579 | Temple   | Became a worshipper of Gozag Ym Sagoz the Greedy
  6879 | D:1      | You fall into a shaft and drop 1 floor!
  7093 | D:3      | Bought 3 scrolls of identify for 84 gold pieces
  7093 | D:3      | Bought a potion of curing for 42 gold pieces
  7203 | D:6      | Learned a level 4 spell: Fulminant Prism
  7433 | D:5      | Reached XP level 8. HP: 26/41 MP: 18/21
  8116 | D:6      | Reached skill level 1 in Armour
  9868 | D:6      | Reached XP level 9. HP: 19/45 MP: 0/22
 12134 | D:7      | Found a shimmering blue altar of Sif Muna.
 12714 | D:8      | Noticed a two-headed ogre
 12723 | D:8      | Killed a two-headed ogre
 12724 | D:8      | Reached skill level 10 in Stealth
 12724 | D:8      | Reached skill level 10 in Conjurations
 13256 | D:8      | Slain by a wight

Illustrated notes

Levels and vault maps discovered:
D:1:      dpeg_arrival_ratfight, layout_loops_ring, serial_bayou_pond_b,
          minmay_split_cup_large
D:2:      layout_basic, ebering_ecumenical_altar_sacrificial, uniq_robin,
          uniq_terence, uniq_jessica
D:3:      layout_basic, serial_shops, nicolae_shop_statue_plus,
          uniq_crazy_yiuf_cottage, uniq_ijyb
D:4:      layout_basic, lightli_temple_of_fire
D:5:      mumra_celtic_spiral_tile, layout_basic, mainiacjoe_overflow_boulevard,
          minmay_temple_entry_enclosed_plants, kennysheep_generic_room_12
D:6:      layout_cave_pods
D:7:      layout_basic, overflow_temple_1_default, kennysheep_small_spiral
D:8:      minmay_cornered_nines, layout_loops_ring, minmay_lair_entry_grove
Temple:   nicolae_temple_elliptical

Skill      XL: |  1  2  3  4  5  6  7  8  9 |
---------------+----------------------------+-----
Conjurations   | 2 3 4 5 7 10 | 10.7
Spellcasting   | 4 5 6 7 |  7.6
Fire Magic     | 4 5 |  5.3
Stealth        | 4 7 9 10 | 10.0
Armour         | 3 4 |  4.0
Dodging        | |  2.4

Action                     |  1- 3 |  4- 6 |  7- 9 || total
---------------------------+-------+-------+-------++-------
  Melee: Unarmed           |     2 |       |       ||     2
  Throw: Dart              |     2 |    10 |     7 ||    19
   Cast: Foxfire           |    52 |   159 |   147 ||   358
         Scorch            |     2 |    21 |    77 ||   100
         Fulminant Prism   |       |       |     6 ||     6
         Flame Wave        |       |       |     1 ||     1
    Use: Scroll            |       |     6 |     7 ||    13
         Potion            |       |       |     1 ||     1
 Armour: Robe              |     5 |     9 |    19 ||    33
         Leather armour    |       |       |    15 ||    15
  Dodge: Dodged            |     7 |    29 |    72 ||   108
  Block: Other             |       |     1 |    37 ||    38
